 Dungeon Crawl Stone Soup version 0.30-a0-39-g42789b21ef (webtiles) character file.

Game seed: 2086421476038852344

2849 drugrobin the Slicer (level 9, -5/82 HPs)
             Began as a Demigod Delver on Aug 28, 2022.
             Slain by a six-headed hydra (10 damage)
             ... on level 7 of the Dungeon.
             The game lasted 00:21:18 (6373 turns).

drugrobin the Slicer (Demigod Delver)               Turns: 6373, Time: 00:21:19

Health: -5/82      AC:  8    Str: 11    XL:     9   Next: 22%
Magic:  15/15      EV: 13    Int: 16    God:
Gold:   174        SH:  4    Dex: 23    Spells: 10/11 levels left

rFire   + + .      SeeInvis +    a - +1 short sword of the Forest {venom, rF++ rC- SInv}
rCold   x . .      Faith    .    r - +0 buckler
rNeg    . . .      Spirit   .    y - +0 acid dragon scales
rPois   +          Reflect  .    (no helmet)
rElec   .          Harm     .    (no cloak)
rCorr   +          Rampage  .    (no gloves)
Will    .....      Clarity  +    (no boots)
Stlth   +++.......               (no amulet)
HPRegen 0.23/turn                w - ring of poison resistance
MPRegen 0.14/turn                (no ring)

@: no status effects
A: high MP 1, forlorn, divine attributes, iridescent scales 1, clarity, weak 1,
wild magic 1
a: no special abilities


You were on level 7 of the Dungeon.
You visited 1 branch of the dungeon, and saw 7 of its levels.
You also visited: Ossuary.

You collected 458 gold pieces.
You spent 284 gold pieces at shops.

Inventory:

Hand Weapons
 a - the +1 short sword of the Forest (weapon) {venom, rF++ rC- SInv}
   (You took it off an orc on level 7 of the Dungeon)

   It poisons the flesh of those it strikes.
   rF:        It greatly protects you from fire.
   rC:        It makes you vulnerable to cold.
   SInv:      It lets you see invisible.
 b - a +6 scimitar
 c - a +1 falchion of electrocution
 d - a +0 short sword
 l - a +0 long sword
 E - a +0 rapier
Missiles
 i - 5 javelins
 p - a throwing net
 s - 3 boomerangs (quivered)
Armour
 r - a +0 buckler (worn)
 y - +0 acid dragon scales (worn)
Magical Staves
 h - a staff of conjuration
Jewellery
 w - a ring of poison resistance (left hand)
 G - a ring of fire
Wands
 g - a wand of digging (7)
 t - a wand of acid (12)
 D - a wand of flame (15)
Scrolls
 e - a scroll of immolation {unknown}
 f - 7 scrolls of teleportation
 j - 3 scrolls of enchant weapon {unknown}
 k - 4 scrolls of identify {unknown}
 o - 2 scrolls of magic mapping
 u - a scroll of noise {unknown}
 v - a scroll of silence {unknown}
 F - a scroll of fear
 H - a scroll of fog
Potions
 m - a potion of heal wounds {unknown}
 n - 5 potions of curing
 q - 2 potions of brilliance {unknown}
 x - 2 potions of haste
 z - a potion of might {unknown}
 A - 2 potions of lignification
 B - a potion of mutation
 C - a potion of magic {unknown}


   Skills:
 - Level 8.6 Fighting
 - Level 12.3 Short Blades
 + Level 3.5 Dodging
 - Level 4.5 Stealth
 - Level 1.9 Spellcasting
 + Level 1.9 Hexes


You had 10 spell levels left.
You knew the following spells:

 Your Spells              Type           Power      Damage    Failure   Level
a - Slow                  Hex            36%        N/A       28%         1

Your spell library contained the following spells:

 Spells                   Type           Power      Damage    Failure   Level
 Magic Dart               Conj           4%         1d3       50%         1
 Confusing Touch          Hex            9%         N/A       61%         3
 Call Imp                 Summ           1%         N/A       65%         2
 Gell's Gravitas          Tloc           1%         N/A       86%         3
 Lesser Beckoning         Tloc           1%         N/A       86%         3
 Mephitic Cloud           Conj/Pois/Air  1%         N/A       86%         3
 Teleport Other           Tloc           1%         N/A       86%         3
 Vampiric Draining        Necr           1%         2d6       86%         3


Dungeon Overview and Level Annotations

Branches:
Dungeon (7/15)             Temple (0/1) D:4         Ossuary (visited)

Shops:
D:4 ![=


Innate Abilities, Weirdness & Mutations

You have an increased reservoir of magic. (+10% MP)
You shall have no god before yourself.
Your divine heritage dramatically boosts your attributes as you level up.
You are partially covered in iridescent scales. (AC +2)
You possess an exceptional clarity of mind.
You are weak. (Str -2)
Your spells are a little harder to cast, but a little more powerful.


Message History

Unknown command.
Unknown command.
Unknown command.
You barely miss the six-headed hydra.
The six-headed hydra is almost dead.
You block the six-headed hydra's attack.
The six-headed hydra bites you.
The six-headed hydra bites you but does no damage.
You block the six-headed hydra's attack.
The six-headed hydra misses you.
The six-headed hydra bites you but does no damage.
Unknown command.
Unknown command.
Unknown command.
Unknown command.
You hit the six-headed hydra.
The six-headed hydra looks as sick as possible!
The six-headed hydra is almost dead.
The six-headed hydra closely misses you.
The six-headed hydra bites you.
* * * LOW HITPOINT WARNING * * *
The six-headed hydra bites you but does no damage.
The six-headed hydra bites you.
* * * LOW HITPOINT WARNING * * *
The six-headed hydra barely misses you. The six-headed hydra bites you.
* * * LOW HITPOINT WARNING * * *
Unknown command.
Unknown command.
Unknown command.
Aiming: Throw Flame
Press: ? - help, Shift-Dir - straight line, f/p - six-headed hydra
Aim: a six-headed hydra (almost dead, extremely poisoned, 89% to hit)
The puff of flame hits the six-headed hydra.
The six-headed hydra is almost dead.
The six-headed hydra bites you!
* * * LOW HITPOINT WARNING * * *
The six-headed hydra misses you. x2
The six-headed hydra bites you but does no damage. x2
The six-headed hydra bites you!
You die...

.# #......># # . #.#
#.......### .. #.###
###.......##. ... #.#..
..'.......#.# ....
#.#.# #........## .....
#.#.# #'##......
###...###.#.#
####.#..#####
#....Y....#.###......##
#.##.....D@.##..#.....#
#.#####.....##.....# #
#......'.....#
##.######.....# #..#
####### ##..##########
#>..........[# #####
#.#.########.###....
#.#.# #..D...!.


You could see a six-headed hydra (extremely poisoned) and a sky beast.

Vanquished Creatures
  Sigmund (D:6)
  A yak (D:7)
  A steam dragon (D:7)
  A vampire mosquito (D:7)
  Edmund (D:6)
  An acid dragon (D:7)
  A water moccasin (D:6)
  A black bear (D:5)
  An ice beast (D:3)
  2 bullfrogs (D:7)
  3 scorpions
  2 necrophages
  5 wights (D:6)
  3 killer bees (D:7)
  A howler monkey (D:4)
  2 hounds
  3 orc priests
  4 iguanas
  An orc wizard (D:6)
  2 hound zombies (Ossuary)
  A mummy (Ossuary)
  4 gnolls (D:6)
  6 adders
  An adder zombie (Ossuary)
  3 worms
  2 dart slugs
  19 orcs
  8 endoplasms
  3 giant cockroaches
  4 goblins
  7 hobgoblins
  4 jackals (D:1)
  2 kobolds (D:1)
  A quokka (D:1)
  5 ball pythons
  7 bats
  7 frilled lizards
  A jackal zombie (Ossuary)
  5 rats
127 creatures vanquished.

Notes
Turn   | Place    | Note
-------+----------+-------------------------------------------
     0 | D:5      | drugrobin the Demigod Delver began the quest for the Orb.
     0 | D:5      | Reached XP level 1. HP: 18/18 MP: 3/3
     2 | D:5      | Noticed an orc priest
    32 | D:5      | Noticed a phantom
    81 | D:5      | Noticed a black bear
    94 | D:5      | Killed a black bear
    95 | D:5      | Reached skill level 3 in Short Blades
    95 | D:5      | Reached XP level 2. HP: 18/26 MP: 4/4
    95 | D:5      | Reached XP level 3. HP: 21/31 MP: 5/5
    95 | D:5      | Reached XP level 4. HP: 26/38 MP: 6/6
   280 | D:5      | Found a sand-covered staircase.
   287 | Ossuary  | Entered an ossuary
   322 | Ossuary  | Reached skill level 4 in Short Blades
   355 | Ossuary  | Gained mutation: You are weak. (Str -2) [potion of
                  | mutation]
   355 | Ossuary  | Gained mutation: You possess an exceptional clarity of
                  | mind. [potion of mutation]
   355 | Ossuary  | Gained mutation: You are partially covered in iridescent
                  | scales. (AC +2) [potion of mutation]
   355 | Ossuary  | Gained mutation: Your spells are a little harder to cast,
                  | but a little more powerful. [potion of mutation]
   361 | Ossuary  | Reached skill level 9 in Short Blades
   361 | Ossuary  | Reached XP level 5. HP: 14/52 MP: 7/7
   363 | Ossuary  | Reached skill level 11 in Short Blades
   363 | Ossuary  | Reached XP level 6. HP: 16/62 MP: 8/8
   684 | D:6      | Reached XP level 7. HP: 64/69 MP: 9/9
  2892 | D:4      | Found Fuclot's Jewellery Emporium.
  2895 | D:4      | Bought a ring of poison resistance for 200 gold pieces
  2932 | D:4      | Found a staircase to the Ecumenical Temple.
  3089 | D:4      | Found Anuosop's Distillery.
  3098 | D:4      | Bought 2 potions of lignification for 72 gold pieces
  3098 | D:4      | Bought a potion of degeneration for 12 gold pieces
  3202 | D:4      | Found Asmut's Antique Armour Shop.
  3527 | D:5      | Reached skill level 1 in Spellcasting
  4283 | D:6      | Reached XP level 8. HP: 68/75 MP: 12/12
  5176 | D:6      | Noticed Edmund
  5224 | D:6      | Killed Edmund
  5225 | D:6      | Reached skill level 12 in Short Blades
  5320 | D:6      | Learned a level 1 spell: Slow
  5381 | D:6      | Identified the +5 spear "Keapaso" {vorpal, Drain rN+ Will+
                  | Dex+8}
  5445 | D:6      | Noticed Sigmund
  5452 | D:6      | Killed Sigmund
  5696 | D:7      | Reached skill level 1 in Hexes
  5789 | D:7      | Reached XP level 9. HP: 82/82 MP: 15/15
  5807 | D:7      | Noticed a six-headed hydra
  6208 | D:7      | Identified the +1 short sword of the Forest {venom, rF++
                  | rC- SInv}
  6373 | D:7      | Slain by a six-headed hydra

Illustrated notes

Levels and vault maps discovered:
D:1:      lightli_arrival_boilingwater, layout_rooms
D:2:      layout_basic, basic_altar
D:3:      layout_loops_ring, mainiacjoe_overflow_brackets,
          kennysheep_slug_shrine, nicolae_overflow_two_pavilions
D:4:      layout_loops_ring, mainiacjoe_overflow_cross_hatched,
          mainiacjoe_overflow_large_starburst, minmay_temple_entry_antechambers,
          serial_shops, nicolae_shop_behind_doors, shop, shop
D:5:      layout_basic, mainiacjoe_overflow_chevrons,
          nicolae_ossuary_entry_ruins
D:6:      layout_basic, fedhas_ov_isle_minmay, uniq_edmund, uniq_sigmund
D:7:      minmay_blocky_corners, layout_basic

Skill      XL: |  1  2  3  4  5  6  7  8 |
---------------+-------------------------+-----
Fighting       | 3 7 8 |  8.6
Short Blades   | 3 9 11 12 | 12.3
Dodging        | 2 3 |  3.5
Spellcasting   | 1 |  1.9
Hexes          | 1 |  1.9
Stealth        | |  4.5

Action                   |  1- 3 |  4- 6 |  7- 9 || total
-------------------------+-------+-------+-------++-------
Melee: Short sword       |     6 |    51 |    22 ||    79
       Rapier            |       |    13 |   268 ||   281
       Falchion          |       |       |    51 ||    51
       Scimitar          |       |       |    51 ||    51
Throw: Javelin           |     1 |    10 |     1 ||    12
       Boomerang         |       |       |    33 ||    33
 Cast: Slow              |       |       |     6 ||     6
Evoke: Wand              |       |     1 |     7 ||     8
  Use: Scroll            |     2 |     2 |       ||     4
       Potion            |       |     7 |       ||     7
 Stab: Sleeping          |       |     1 |    16 ||    17
       Distracted        |       |       |     1 ||     1
Armor: Leather armour    |     4 |    12 |    56 ||    72
       Acid dragon scale |       |       |    15 ||    15
       Steam dragon scal |       |       |     5 ||     5
Dodge: Dodged            |    15 |    35 |   154 ||   204
Block: Buckler           |       |       |    39 ||    39

Table legend: (Time is in decaauts)
 A = Elapsed time spent in this place.
 B = Non-inter-level travel time spent in this place.
 C = Inter-level travel time spent in this place.
 D = Time resting spent in this place.
 E = Time spent auto-exploring this place.
 F = Levels seen in this place.
 G = Mean time per level.
                   A        B        C        D        E       F      G
               +--------+--------+--------+--------+--------+-----+--------+
         Total |   6265 |   6053 |    212 |    875 |   3200 |   8 |  783.1 |
       Dungeon |   6203 |   5991 |    212 |    875 |   3200 |   7 |  886.1 |
       Ossuary |     62 |     62 |      0 |      0 |      0 |   1 |   62.0 |
               +--------+--------+--------+--------+--------+-----+--------+

Top non-repeatable levels by time:
     D:6: 1490 daAuts
     D:5: 1237 daAuts
     D:3: 972 daAuts
     D:7: 792 daAuts
     D:4: 655 daAuts
     D:2: 631 daAuts
     D:1: 423 daAuts
 Ossuary: 62 daAuts
